 Dungeon Sprint DCSS version 0.16-a0-3781-g2316936 (webtiles) character file.

657 BluebellGnoll the Eclecticist (level 7, 0/35 (36) HPs)
             Began as a Deep Elf Fire Elementalist on Jan 25, 2015.
             Was a Follower of Vehumet.
             Slain by a quasit (2 damage)
             ... in the Dungeon (Sprint IX: "|||||||||||||||||||||||||||||").
             The game lasted 00:03:25 (333 turns).

BluebellGnoll the Eclecticist (DEFE)                 Turns: 333, Time: 00:03:25

HP:   0/35 (36)     AC:  3    Str:  5      XL:     7   Next: 29%
MP:   13/31         EV: 15    Int: 22      God:    Vehumet [*.....]
Gold: 0             SH:  0    Dex: 17 (18) Spells: 2 memorised, 33 levels left

rFire  . . .     SeeInvis .     p - +2 rapier (distort)
rCold  . . .     Clarity  .     a - +0 robe
rNeg   . . .     SustAb   .     (no shield)
rPois  .         Gourm    .     (no helmet)
rElec  .         Spirit   .     j - +0 cloak
rCorr  .         Warding  .     (no gloves)
rMut   .         NoTele   +     (no boots)
MR     .....                    (no amulet)
Stlth  ++........               r - +3 ring of dexterity
                                q - +2 ring of evasion

@: exhausted, non-regenerating, rotting, diseased, slowed, very slow, not
resistant to hostile enchantments, unstealthy
A: no striking features
a: Renounce Religion


You were in the Dungeon.
You worshipped Vehumet.
Vehumet was aware of your devotion.
You were not hungry.

You visited 1 branch

Inventory:

Hand weapons
 p - a +2 rapier of distortion (weapon)
Armour
 a - a +0 robe (worn)
 j - a +0 cloak (worn)
Magical staves
 o - an uncursed staff of energy
Jewellery
 q - a +2 ring of evasion (left hand)
 r - a +3 ring of dexterity (right hand)
Magical devices
 n - a wand of draining (4)
Scrolls
 i - 2 scrolls of blinking
 l - 3 scrolls of remove curse
 m - 2 scrolls of amnesia
Potions
 e - 3 potions of heal wounds
 f - a potion of invisibility
 g - 4 potions of magic
 k - 4 potions of curing
Books
 b - a book of Flames

   Spells                             Type                      Level
   a - Flame Tongue                   Conjuration/Fire             1
   b - Throw Flame                    Conjuration/Fire             2
   c - Conjure Flame                  Conjuration/Fire             3
   d - Inner Flame                    Hexes/Fire                   3
   e - Sticky Flame                   Conjuration/Fire             4
   f - Fireball                       Conjuration/Fire             5
Comestibles
 c - a bread ration
 d - 3 chunks of flesh


   Skills:
 - Level 2.4 Dodging
 - Level 2.4 Stealth
 + Level 15.3 Spellcasting
 * Level 11.0 Conjurations
 - Level 3.2 Fire Magic


You had 33 spell levels left.
You knew the following spells:

 Your Spells              Type           Power        Failure   Level  Hunger
a - Flame Tongue          Conj/Fire      #####        1%          1    None
b - Throw Flame           Conj/Fire      #####.       1%          2    None


Dungeon Overview and Level Annotations

Branches:
Dungeon (1/1)

Altars:
Cheibriados
Dithmenos
Elyvilon
Fedhas
Gozag
Kikubaaqudgha
Makhleb
Nemelex Xobeh
Okawaru
Qazlal
Ru
Sif Muna
Trog
Vehumet
Xom
Yredelemnul
Zin
The Shining One
Beogh
Jiyva
Lugonu


Message History

The eye of draining is severely wounded.
You are no longer berserk.
You are exhausted.
You feel yourself slow down.
You hit the eye of draining.
Space warps horribly around the eye of draining!
You kill the eye of draining!
Vehumet accepts your kill.
You feel your power returning.
Your Spellcasting skill increases to level 15!
Your Conjurations skill increases to level 11!
The quasit bites you but does no damage.
The quasit closely misses you. The quasit barely misses you.
The quasit bites you but does no damage.
The quasit claws you.
* * * LOW HITPOINT WARNING * * *
You feel clumsy.
The quasit claws you but does no damage.
The quasit bites you.
You die...

▓'▓
▓.▓
▓.▓
▓.▓
▓)▓
▓.▓
▓[▓
▓[▓
▓@▓
▓5▓
▓)▓
▓.▓
▓.▓
▓.▓
▓.▓
▓.▓
▓.▓


You could see a quasit.

Vanquished Creatures
  A gargoyle (D)
  A wyvern (D)
  An eye of draining (D)
  A necrophage (D)
  A scorpion (D)
  An adder (D)
  An ooze (D)
  3 hobgoblins (D)
  A kobold (D)
  A quokka (D)
  2 giant geckos (D)
  A giant newt (D)
15 creatures vanquished.

Notes
Turn   | Place    | Note
--------------------------------------------------------------
     0 | D        | BluebellGnoll, the Deep Elf Fire Elementalist, began the quest for the Orb.
     0 | D        | Reached XP level 1. HP: 10/10 MP: 5/5
     8 | D        | Reached skill level 4 in Spellcasting
    28 | D        | Reached skill level 5 in Spellcasting
   113 | D        | Reached skill level 6 in Spellcasting
   113 | D        | Reached XP level 2. HP: 15/15 MP: 6/12
   236 | D        | Learned a level 2 spell: Throw Flame
   240 | D        | Reached skill level 7 in Spellcasting
   260 | D        | Found a glowing silver altar of Zin.
   260 | D        | Found a glowing golden altar of the Shining One.
   260 | D        | Found an ancient bone altar of Kikubaaqudgha.
   260 | D        | Found a basalt altar of Yredelemnul.
   260 | D        | Found a shimmering altar of Xom.
   260 | D        | Found a radiant altar of Vehumet.
   260 | D        | Found an iron altar of Okawaru.
   261 | D        | Found a burning altar of Makhleb.
   262 | D        | Found a deep blue altar of Sif Muna.
   263 | D        | Found a bloodstained altar of Trog.
   264 | D        | Found a sparkling altar of Nemelex Xobeh.
   265 | D        | Found a white marble altar of Elyvilon.
   266 | D        | Found a roughly hewn altar of Beogh.
   267 | D        | Found a viscous altar of Jiyva.
   268 | D        | Found a corrupted altar of Lugonu.
   270 | D        | Became a worshipper of Vehumet
   272 | D        | Found a blossoming altar of Fedhas.
   273 | D        | Found a snail-covered altar of Cheibriados.
   274 | D        | Found a shadowy altar of Dithmenos.
   275 | D        | Found a stormy altar of Qazlal.
   276 | D        | Found an opulent altar of Gozag.
   277 | D        | Found a sacrificial altar of Ru.
   316 | D        | Noticed a scorpion
   316 | D        | Noticed a wyvern
   316 | D        | Noticed a necrophage
   316 | D        | Noticed a gargoyle
   316 | D        | Noticed an eye of draining
   316 | D        | Noticed a quasit
   319 | D        | Killed a scorpion
   319 | D        | Reached skill level 9 in Spellcasting
   319 | D        | Reached XP level 3. HP: 19/19 MP: 15/20
   319 | D        | Killed a wyvern
   319 | D        | Reached skill level 12 in Spellcasting
   319 | D        | Reached XP level 4. HP: 24/24 MP: 16/24
   319 | D        | Reached XP level 5. HP: 28/28 MP: 17/26
   325 | D        | Killed a necrophage
   325 | D        | Acquired Vehumet's first power
   325 | D        | Offered knowledge of Freeze by Vehumet.
   325 | D        | Reached XP level 6. HP: 31/31 MP: 19/28
   330 | D        | Killed a gargoyle
   330 | D        | Reached skill level 14 in Spellcasting
   330 | D        | Reached skill level 10 in Conjurations
   330 | D        | Reached XP level 7. HP: 6/35 MP: 14/31
   332 | D        | Killed an eye of draining
   332 | D        | Reached skill level 15 in Spellcasting
   333 | D        | Slain by a quasit

Action                   |  1- 3 |  4- 6 |  7- 9 || total
-------------------------+-------+-------+-------++-------
Melee: Unarmed           |     6 |       |       ||     6
       Whip              |     5 |       |       ||     5
       Rapier            |       |    10 |     2 ||    12
 Cast: Flame Tongue      |    17 |       |       ||    17
       Throw Flame       |     2 |       |       ||     2
Evoke: Wand              |     2 |     1 |       ||     3
  Use: Potion            |     2 |     1 |       ||     3
